 Dungeon Crawl Stone Soup version 0.28.0-47-ge53b351184 (webtiles) character file.

Game seed: 4244185218050787930

4 terff the Chopper (level 1, -1/20 HPs)
             Began as a Hill Orc Monk on Apr 30, 2022.
             Frozen to death by an endoplasm (4 damage)
             ... on level 1 of the Dungeon.
             The game lasted 00:00:16 (90 turns).

terff the Chopper (Hill Orc Monk)                     Turns: 90, Time: 00:00:17

Health: -1/20      AC:  2    Str: 13    XL:     1   Next: 60%
Magic:  1/1        EV: 12    Int: 10    God:
Gold:   27         SH:  0    Dex: 13    Spells: 0/0 levels left

rFire   . . .      SeeInvis .   a - +0 hand axe
rCold   . . .      Faith    .   (no shield)
rNeg    . . .      Spirit   .   b - +0 robe
rPois   .          Reflect  .   (no helmet)
rElec   .          Harm     .   (no cloak)
rCorr   .          Rampage  .   (no gloves)
Will    .....                   (no boots)
Stlth   ++........              (no amulet)
HPRegen 0.06/turn               (no ring)
MPRegen 0.07/turn               (no ring)

@: no status effects
A: no striking features
a: no special abilities


You were on level 1 of the Dungeon.
You visited 1 branch of the dungeon, and saw 1 of its levels.

You collected 27 gold pieces.

Inventory:

Hand Weapons
 a - a +0 hand axe (weapon)
Armour
 b - a +0 robe (worn)


   Skills:
 + Level 3.7 Fighting
 + Level 4.1 Axes
 + Level 2.5 Dodging
 + Level 1.6 Stealth


You couldn't memorise any spells.
You didn't know any spells.
Your spell library was empty.

Dungeon Overview and Level Annotations

Branches:
Dungeon (1/15)

Altars:


Message History

The kobold is heavily wounded.
You closely miss the kobold. The kobold hits you with a +0 dagger.
The kobold closely misses you.
You closely miss the kobold.
The kobold is heavily wounded.
You closely miss the kobold.
The endoplasm quivers.
The kobold hits you but does no damage. The kobold hits you with a +0 dagger.
You miss the kobold.
The kobold is heavily wounded.
You closely miss the kobold. You closely miss the hobgoblin.
The kobold hits you with a +0 dagger. The hobgoblin closely misses you.
The kobold barely misses you.
You hit the kobold.
You kill the kobold!
You closely miss the kobold. You barely miss the hobgoblin.
The hobgoblin misses you. The kobold closely misses you.
The hobgoblin hits you. The kobold hits you with a +0 dagger.
The dart slug closely misses you.
Things that are here:
a +0 dagger; 3 stones The hobgoblin closely misses you.
The endoplasm hits you.
* * * LOW HITPOINT WARNING * * *
The dart slug launches a dart at you. The slug dart misses you.
You hit the dart slug.
The dart slug is lightly wounded.
You hit the endoplasm. You closely miss the kobold.
You barely miss the hobgoblin. The hobgoblin hits you.
* * * LOW HITPOINT WARNING * * *
The endoplasm hits you but does no damage.
The kobold barely misses you.
The dart slug bites you but does no damage.
The hobgoblin closely misses you.
Sorry, you're not good enough to have a special ability.
As you read the scroll labelled FYKOAW CAHEORCH, it crumbles to dust.
You feel aware of your surroundings.
It was a scroll of magic mapping.
The endoplasm freezes you.
You are frozen.
You die...

**,**,*,,*****,**************,*,*
,,,**,*,,**###...,,,,,,* *,*,*
,****,*,,,*#....,,,,,*,* *,*,*
,,,,,,*,*,**....,,,,,*,* *,*,*
,******,*,**,...,,,,,*,* *,*,* ,*
*,*,,*##.######*,* *,*,* **
*,**,*#.......##.#*****,*,*
#######,**,,#...........,,,,*,*,*
#.^...#,***,#..K@.!.....,,,,*,*,*
+.....+,#**,#..gwJ......,,,,,,*,*
#.....#.#,,,#...........,,,,***,*
.......,,,,,##.#####....,,,,* *,*
....P#≈#P...##.# *,...,,,,* *,*
...P##≈##P..##.# *,,..,,,,* *,*
.<..≈≈≈≈≈...##.# *,,,.,,,,* *,*
...P##≈##P..##.### *,,,,,,,,* *,*
....P#≈#P...#....# ********** *,*


You could see a dart slug, an endoplasm, a hobgoblin and a kobold.

Vanquished Creatures
  A ball python (D:1)
  An endoplasm (D:1)
  A bat (D:1)
  A kobold (D:1)
4 creatures vanquished.

Notes
Turn   | Place    | Note
-------+----------+-------------------------------------------
     0 | D:1      | terff the Hill Orc Monk began the quest for the Orb.
     0 | D:1      | Reached XP level 1. HP: 19/19 MP: 1/1
    54 | D:1      | Found a faded altar of an unknown god.
    90 | D:1      | Frozen to death by an endoplasm

Illustrated notes

Levels and vault maps discovered:
D:1:      eino_arrival_water_cross, layout_basic, nicolae_ecumenical_lake_church

Action                   || total
-------------------------++-------
Melee: Hand axe          ||    11
  Use: Scroll            ||     1
 Stab: Sleeping          ||     1
Armor: Robe              ||     7
Dodge: Dodged            ||    12
